cohdb
Replays
Latest Replays
All Replays
Popular Replays
Top Player Replays
Match Explorer
How It Works
Community
CoH3 Stats
Reddit
Sign in to upload your games and track your stats! →
Sign in with Steam
Match 40585039
Unlisted
Match 40585039
Overview
Messages
Build Orders
End
Construct Section Command Post
Vickers Machine Gun Team
Dingo Light Scout Car
Infantry Section
Infantry Section
Construct Platoon Command Post
Selects Canadian Shock Battlegroup
Selects Canadian Shock Battlegroup
Selects Attacking Spirit
Selects Canadian Shock Section
Selects Incendiary Munitions
Humber Armored Car
Canadian Shock Section
Construct Field Infirmary
Canadian Shock Section
Construct Company Command Post
Selects Pyrotechnics
sharpshooter
TURTLE LEONID
Pakkazull
反内卷办公室主任
0
0
Comments
sign in to comment!
No comments posted yet!